 Dungeon Crawl Stone Soup version 0.28.0-45-g0d030f2227 (webtiles) character file.

Game seed: 11920100612282036005

141078 protoss039 the Eclecticist (level 16, -2/76 HPs)
             Began as a Deep Elf Air Elementalist on Mar 30, 2022.
             Was a High Priest of Sif Muna.
             Slain by a thrashing horror (6 damage)
             ... on level 3 of the Abyss.
             The game lasted 02:09:07 (34985 turns).

protoss039 the Eclecticist (DEAE)                  Turns: 34985, Time: 02:09:08

Health: -2/76      AC: 17    Str:  5    XL:     16   Next: 77%
Magic:  29/40      EV: 13    Int: 38    God:    Sif Muna [*****.]
Gold:   657        SH:  0    Dex: 17    Spells: 3/51 levels left

rFire   + + .      SeeInvis .   x - staff of air
rCold   + . .      Faith    .   (no shield)
rNeg    . . .      Spirit   .   U - +4 steam dragon scales of Shadows and Fog {rPois}
rPois   +          Reflect  .   O - +2 helmet of Ownocan {rElec Dex+2}
rElec   +          Harm     .   s - +0 cloak of Twilight {rF++ Int+3}
rCorr   .          Rampage  .   Q - +1 pair of gloves
Will    +....                   e - +1 pair of boots {Fly}
Stlth   ++........              (no amulet)
HPRegen 0.22/turn               r - +6 ring of intelligence
MPRegen 0.27/turn               M - ring of protection from cold

@: swift, flying, very quick
A: [frail 2]
a: Renounce Religion, Channel Magic, Forget Spell, Divine Exegesis


You were on level 3 of the Abyss.
You worshipped Sif Muna.
Sif Muna was extremely pleased with you.
You visited 3 branches of the dungeon, and saw 20 of its levels.
You visited the Abyss 1 time.
You also visited: Bailey and Gauntlet.

You collected 1703 gold pieces.
You spent 1046 gold pieces at shops.

Inventory:

Hand Weapons
 v - the +12 war axe "Taziuxeo" {speed, rCorr}
   (You took it off a frost giant on level 12 of the Dungeon)

   Attacks with this weapon are significantly faster.
   rCorr:     It protects you from acid and corrosion.
 P - the +9 great sword of Light {drain, rF- rC+ Dex+4}
   (You found it on level 3 of the Lair of Beasts)

   A truly terrible weapon, it drains the life of any living foe it strikes.
   Dex:       It affects your dexterity (+4).
   rF:        It makes you vulnerable to fire.
   rC:        It protects you from cold.
 T - the +8 whip of Wuzoufu {protect, rF+}
   (You found it in a Gauntlet)

   It grants its wielder temporary protection when it strikes (+7 to AC).
   rF:        It protects you from fire.
Armour
 e - a +1 pair of boots of flying (worn)
 q - the +0 pair of boots of the Elephant {Int+4}
   (You found it in a Gauntlet)

   Int:       It affects your intelligence (+4).
 s - the +0 cloak of Twilight (worn) {rF++ Int+3}
   (You found it on level 4 of the Dungeon)

   Int:       It affects your intelligence (+3).
   rF:        It greatly protects you from fire.
 O - the +2 helmet of Ownocan (worn) {rElec Dex+2}
   (You found it on level 11 of the Dungeon)

   Dex:       It affects your dexterity (+2).
   rElec:     It insulates you from electricity.
 Q - a +1 pair of gloves (worn)
 R - a +1 robe of cold resistance
 U - the +4 steam dragon scales of Shadows and Fog (worn) {rPois}
   (You found it in a Gauntlet)

   rPois:     It protects you from poison.
 W - a scarf of resistance
Magical Staves
 x - a staff of air (weapon)
 N - a staff of death
Jewellery
 a - a ring of see invisible
 r - a +6 ring of intelligence (left hand)
 A - a ring of protection from fire
 B - a +4 ring of protection
 L - a ring of wizardry
 M - a ring of protection from cold (right hand)
Wands
 n - a wand of flame (57)
 u - a wand of digging (4)
Scrolls
 b - 2 scrolls of summoning {unknown}
 d - 2 scrolls of enchant weapon {unknown}
 f - 2 scrolls of fear
 g - 4 scrolls of teleportation
 k - a scroll of identify
 m - 5 scrolls of magic mapping
 o - 4 scrolls of fog
 t - 2 scrolls of holy word {unknown}
 w - a scroll of torment {unknown}
 y - 3 scrolls of blinking
 z - 2 scrolls of brand weapon {unknown}
 F - 2 scrolls of enchant armour
 I - 2 scrolls of noise {unknown}
 K - a scroll of amnesia
 V - a scroll of acquirement {unknown}
Potions
 h - 3 potions of brilliance
 i - 2 potions of might
 j - 5 potions of heal wounds
 l - 2 potions of magic
 E - 2 potions of mutation
 G - 4 potions of resistance
 H - 9 potions of curing
Miscellaneous
 D - a box of beasts


   Skills:
 * Level 9.0 Fighting
 - Level 3.0 Dodging
 - Level 3.0 Stealth
 - Level 18.0 Spellcasting
 - Level 13.1 Conjurations
 - Level 3.0 Ice Magic
 - Level 16.7 Air Magic
 - Level 3.0 Earth Magic
 - Level 12.0 Invocations


You had 3 spell levels left.
You knew the following spells:

 Your Spells              Type           Power      Damage    Failure   Level
a - Shock                 Conj/Air       100%       1d9       0%          1
b - Static Discharge      Conj/Air       100%       N/A       0%          2
c - Swiftness             Air            100%       N/A       0%          3
d - Airstrike             Air            63%        N/A       0%          4
e - Iron Shot             Conj/Erth      38%        9d8       4%          6
f - Inner Flame           Hex/Fire       34%        N/A       2%          3
g - Freezing Cloud        Conj/Ice/Air   54%        6-21      1%          5
h - Stone Arrow           Conj/Erth      100%       3d13      1%          3
i - Chain Lightning       Conj/Air       61%        3d81      89%         9
j - Lightning Bolt        Conj/Air       61%        1d84      1%          5
k - Orb of Destruction    Conj           47%        9d12      3%          7

Your spell library contained the following spells:

 Spells                   Type           Power      Damage    Failure   Level
 Magic Dart               Conj           100%       1d8       0%          1
 Foxfire                  Conj/Fire      100%       2x1d9     1%          1
 Call Imp                 Summ           34%        N/A       1%          2
 Corpse Rot               Necr/Air       100%       N/A       1%          2
 Poisonous Vapours        Pois/Air       100%       N/A       1%          2
 Wereblood                Tmut           34%        N/A       1%          2
 Conjure Flame            Conj/Fire      71%        6-21      1%          3
 Mephitic Cloud           Conj/Pois/Air  100%       N/A       1%          3
 Call Canine Familiar     Summ           34%        N/A       2%          3
 Portal Projectile        Hex/Tloc       68%        N/A       2%          3
 Summon Guardian Golem    Hex/Summ       34%        N/A       2%          3
 Flame Wave               Conj/Fire      71%        2d13      1%          4
 Summon Lightning Spire   Summ/Air       98%        N/A       1%          4
 Iskenderun's Battlesphe  Conj           94%        2d14      1%          5
 Silence                  Hex/Air        49%        N/A       1%          5
 Animate Armour           Summ/Erth      90%        N/A       4%          4
 Leda's Liquefaction      Hex/Erth       22%        N/A       4%          4
 Yara's Violent Unravell  Hex/Tmut       17%        3d8       24%         5
 Spellforged Servitor     Conj/Summ      35%        N/A       45%         7
 Dispersal                Tloc           17%        N/A       80%         6
 Lehudib's Crystal Spear  Conj/Erth      38%        10d10     91%         8
 Disjunction              Tloc           17%        N/A       100%        8
 Ignition                 Fire           17%        3d7       100%        8
 Necromutation            Tmut/Necr      17%        N/A       100%        8
 Dragon's Call            Summ           17%        N/A       100%        9
 Fire Storm               Conj/Fire      35%        8d9       100%        9
 Shatter                  Erth           27%        3d23*     100%        9


Dungeon Overview and Level Annotations

Branches:
Dungeon (13/15)            Temple (1/1) D:6            Lair (6/6) D:11
 Shoals (0/4) Lair:4       Spider (0/4) Lair:4        Slime (0/5) Lair:6
    Orc (0/2) D:11         Vaults (0/5) D:13         Bailey (visited)
Gauntlet (visited)

Altars:
Ashenzari
Cheibriados
Dithmenos
Elyvilon
Fedhas
Gozag
Hepliaklqana
Kikubaaqudgha
Makhleb
Nemelex Xobeh
Okawaru
Qazlal
Ru
Sif Muna
Trog
Uskayaw
Vehumet
Wu Jian
Xom
Yredelemnul
Zin
The Shining One

Shops:
D:3 (   D:8 =   D:13 ?

Annotations:
D:12 exclusion: door
Lair:5 3 runed translucent doors, Rwicked's ghost, journeyman MiBe


Innate Abilities, Weirdness & Mutations

[You are very frail. (-20% HP)]


Message History

The dire elephant is engulfed in freezing vapours.
Blink to where?
Press: ? - help, Dir - move target Really blink into that cloud of freezing vapour?
As you read the scroll of blinking, it crumbles to dust.
You are engulfed in freezing vapours.
You resist.
The dire elephant is engulfed in freezing vapours. x3
The dire elephant tramples you!!
You hold your ground!
The dire elephant trunk-slaps you but does no damage.
The spatial vortex is engulfed in freezing vapours.
The dire elephant is engulfed in freezing vapours. x2
The dire elephant tramples you!!
* * * LOW HITPOINT WARNING * * *
You hold your ground!
The dire elephant closely misses you. As you open the door, it creaks loudly!
A purple draconian shifter, 2 elephants, a spatial maelstrom and 3 spatial vortices come into view.
You are engulfed in freezing vapours.
You resist.
* * * LOW HITPOINT WARNING * * *
The purple draconian shifter roars!
The dire elephant trumpets!
You hear a roar!
The dire elephant is engulfed in freezing vapours.
The dire elephant completely misses you.
The dire elephant misses you. The spatial vortex closely misses you.
The dire elephant is engulfed in freezing vapours.
The dire elephant tramples you!
* * * LOW HITPOINT WARNING * * *
You hold your ground!
The dire elephant misses you.
Found an abyssal rune of Zot.
Found a corrupted altar of Lugonu.
Unknown command.
Blink to where?
Press: ? - help, Dir - move target
As you read the scroll of blinking, it crumbles to dust.
The dire elephant is engulfed in freezing vapours. x2
Unknown command.
The hellephant is engulfed in freezing vapours.
Unknown command.
You feel a little less clever now. The thrashing horror tramples you.
You die...

### ### .. ...# #
.#≈...§ #.
##.≈...≈≈
#.###.≈.!.≈≈####
#.@X....§≈≈≈§v§
#.##X..§§§§≈§§§
##..#.§§§§≈...
.#..§§≈§§Y§# ####
#.#..§v≈§YY##8vq.#
#.....§§§≈YYvYY_v#
# .
###.#..§§§..##8v.
# # . .
##...♣#.≈§§.Y.#
#### ##. ... # #
..≈≈≈≈≈## .....


You could see a dire elephant (wandering) and 2 thrashing horrors.

Vanquished Creatures
  A frost giant (D:12)
  A quicksilver ooze (Gauntlet)
  Nessos (Lair:4)
  A minotaur (Gauntlet)
  A dire elephant (Lair:6)
  Snorg (D:13)
  2 fire dragons
  Fannar (D:11)
  A yaktaur captain (D:13)
  2 boulder beetles
  8 hydras
  2 two-headed ogres
  3 centaur warriors
  A death knight (D:12)
  10 death yaks
  Urug (D:12)
  2 deep troll earth magi (D:12)
  Sonja (D:13)
  A wretched star (Abyss:3)
  A flayed ghost (Abyss:3)
  6 wizards (D:13)
  Pikel (D:7)
  A swamp dragon (Lair:6)
  3 lindwurms (Lair:6)
  A phantasmal warrior (D:12)
  An orc knight (Bailey)
  2 ugly things
  2 manticores (D:11)
  A cyclops (D:13)
  9 elephants
  2 black mambas (Lair:6)
  A torpor snail (Lair:6)
  A gargoyle (D:13)
  2 smoke demons (Abyss:3)
  18 cane toads
  3 kobold demonologists (D:12)
  2 unseen horrors
  12 komodo dragons
  11 rime drakes
  An efreet (Abyss:3)
  2 yaktaurs (D:13)
  2 freezing wraiths (D:12)
  7 trolls
  6 meliai
  A hornet (D:6)
  Grinder (D:5)
  A polar bear (Lair:3)
  14 blink frogs
  11 dream sheep
  19 slime creatures
  Sigmund (D:5)
  A centaur simulacrum (D:12)
  4 shadows
  5 wraiths
  4 wyverns
  70 yaks
  3 large abominations (Abyss:3)
  5 basilisks
  3 steam dragons
  A neqoxec (Abyss:3)
  11 vampire mosquitoes
  Menkaure (D:7)
  3 acid dragons
  A two-headed ogre zombie (D:11)
  Edmund (D:5)
  12 water moccasins
  2 necrophages
  14 orc warriors
  A sky beast (D:7)
  A black bear (D:11)
  14 wolves
  An ogre (D:6)
  2 centaurs
  2 phantoms
  3 lemures (D:7)
  10 bullfrogs
  3 kobold brigands
  2 gnoll sergeants
  3 scorpions
  3 small abominations (Abyss:3)
  A troll zombie (D:11)
  2 water moccasin skeletons
  5 wights (D:10)
  2 howler monkeys (D:9)
  2 electric eels
  A starcursed mass (Abyss:3)
  2 centaur zombies
  6 hounds
  A centaur skeleton (D:5)
  3 jellies
  2 orc priests
  A gnoll shaman (D:6)
  Jessica (D:3)
  3 iguanas
  7 orc wizards
  A killer bee zombie (D:7)
  6 ogre zombies (D:11)
  Robin (D:3)
  6 adders
  13 gnolls
  A howler monkey skeleton (D:6)
  A shadow imp (D:5)
  A white imp (D:8)
  2 adder skeletons (D:4)
  4 worms
  3 dart slugs
  18 orcs
  6 bats
  14 endoplasms
  7 giant cockroaches
  10 goblins
  10 hobgoblins
  4 jackals (D:3)
  26 kobolds
  4 quokkas
  6 ball pythons
  3 frilled lizards
  2 goblin skeletons (D:11)
  4 goblin zombies (D:11)
  2 hobgoblin skeletons (D:11)
  3 hobgoblin zombies (D:11)
  4 orc skeletons (D:11)
  10 orc zombies (D:11)
  5 rats
  A bush (Lair:4)
  A butterfly (Lair:2)
591 creatures vanquished.

Vanquished Creatures (others)
  37 fungi
  73 plants
110 creatures vanquished.

Grand Total: 701 creatures vanquished

Notes
Turn   | Place    | Note
-------+----------+-------------------------------------------
     0 | D:1      | protoss039 the Deep Elf Air Elementalist began the quest
                  | for the Orb.
     0 | D:1      | Reached XP level 1. HP: 10/10 MP: 6/6
   213 | D:1      | Reached XP level 2. HP: 11/15 MP: 6/8
   494 | D:1      | Learned a level 2 spell: Static Discharge
  1019 | D:1      | Reached XP level 3. HP: 19/19 MP: 9/9
  1306 | D:1      | Learned a level 3 spell: Swiftness
  2012 | D:2      | Found a faded altar of an unknown god.
  2571 | D:3      | Reached XP level 4. HP: 24/24 MP: 11/11
  2583 | D:3      | Learned a level 4 spell: Airstrike
  2593 | D:3      | Found Picw's Antique Weapon Emporium.
  2828 | D:3      | Noticed Jessica
  2831 | D:3      | Killed Jessica
  2832 | D:3      | Reached skill level 4 in Spellcasting
  3427 | D:3      | Noticed Robin
  3435 | D:3      | Killed Robin
  3436 | D:3      | Reached XP level 5. HP: 23/28 MP: 1/13
  4384 | D:4      | Reached skill level 5 in Spellcasting
  4726 | D:4      | Identified the +0 cloak of Twilight {rF++ Int+3}
  4958 | D:4      | Learned a level 3 spell: Stone Arrow
  4959 | D:5      | Entered Level 5 of the Dungeon
  5074 | D:4      | Reached XP level 6. HP: 20/32 MP: 12/15
  5375 | D:5      | Reached skill level 1 in Earth Magic
  5449 | D:5      | Noticed Sigmund
  5451 | D:5      | Noticed a water moccasin
  5545 | D:5      | Noticed Grinder
  5553 | D:5      | Killed Grinder
  5554 | D:5      | Reached skill level 1 in Fighting
  5554 | D:5      | Reached skill level 6 in Spellcasting
  5554 | D:5      | Reached skill level 5 in Air Magic
  5554 | D:5      | Reached XP level 7. HP: 37/38 MP: 3/18
  5682 | D:5      | Noticed Edmund
  5689 | D:5      | Killed Edmund
  5793 | D:5      | You fall into a shaft and drop 3 floors!
  6168 | D:6      | Reached skill level 7 in Spellcasting
  6168 | D:6      | Reached XP level 8. HP: 44/44 MP: 17/20
  6535 | D:5      | Killed Sigmund
  6536 | D:5      | Reached skill level 8 in Spellcasting
  6670 | D:5      | Reached skill level 5 in Conjurations
  7288 | D:6      | Reached skill level 9 in Spellcasting
  7435 | D:6      | Found a staircase to the Ecumenical Temple.
  7456 | D:6      | Noticed a hornet
  7708 | D:6      | Found a snail-covered altar of Cheibriados.
  7893 | D:6      | Killed a hornet
  7894 | D:6      | Reached XP level 9. HP: 46/50 MP: 5/24
  8014 | Temple   | Entered the Ecumenical Temple
  8042 | Temple   | Became a worshipper of Sif Muna the Loreminder
  8303 | D:7      | Noticed Menkaure
  8305 | D:7      | Killed Menkaure
  8445 | D:7      | Noticed Pikel
  8779 | D:7      | Killed Pikel
  8780 | D:7      | Reached skill level 10 in Spellcasting
  9487 | D:8      | Identified the +5 rapier "Maopeul" {vorpal, Fragile rC+
                  | Str+4}
  9488 | D:8      | Found Ajuesif's Jewellery Shoppe.
  9817 | D:8      | Reached skill level 1 in Invocations
  9925 | D:8      | Reached skill level 11 in Spellcasting
 10168 | D:8      | Bought a ring of see invisible for 210 gold pieces
 10202 | D:9      | Noticed a fire dragon
 10378 | D:9      | Found a flagged portal.
 10406 | D:9      | Reached XP level 10. HP: 28/56 MP: 18/27
 10425 | Bailey   | Entered a bailey
 10633 | Bailey   | Noticed an orc knight
 11080 | Bailey   | Killed an orc knight
 11134 | Bailey   | Reached skill level 12 in Spellcasting
 11826 | D:9      | Noticed a two-headed ogre
 11836 | D:9      | Killed a two-headed ogre
 11935 | D:9      | Got the Tome of Shifting Earth
 12074 | D:9      | Reached skill level 10 in Air Magic
 12291 | D:9      | Killed a fire dragon
 12292 | D:9      | Reached skill level 13 in Spellcasting
 12650 | D:9      | Reached * piety under Sif Muna
 12653 | D:9      | Reached XP level 11. HP: 56/62 MP: 17/30
 13741 | D:10     | Entered Level 10 of the Dungeon
 13974 | D:10     | Reached skill level 5 in Fighting
 14001 | D:10     | Reached skill level 5 in Invocations
 14715 | D:11     | Noticed a purple ugly thing
 15035 | D:11     | Reached skill level 14 in Spellcasting
 15115 | D:11     | Found a staircase to the Lair.
 15231 | D:11     | Reached ** piety under Sif Muna
 15448 | D:11     | Killed a purple ugly thing
 15698 | D:11     | Found a staircase to the Orcish Mines.
 15949 | D:11     | Identified the +2 helmet of Ownocan {rElec Dex+2}
 16316 | D:11     | Noticed Fannar
 16334 | D:11     | Killed Fannar
 16854 | D:12     | Noticed Urug
 16863 | D:12     | Killed Urug
 16863 | D:12     | Reached *** piety under Sif Muna
 17004 | D:12     | Found a gate leading to a gauntlet.
 17034 | Gauntlet | Entered a Gauntlet
 17034 | Gauntlet | Found a transporter.
 17034 | Gauntlet | Found a transporter.
 17123 | Gauntlet | Found a transporter.
 17123 | Gauntlet | Found a transporter.
 17135 | Gauntlet | Found a transporter.
 17142 | Gauntlet | Found a transporter.
 17148 | Gauntlet | Noticed a wretched star
 17150 | Gauntlet | Noticed a quicksilver ooze
 17152 | Gauntlet | Found a transporter.
 17152 | Gauntlet | Found a transporter.
 17159 | Gauntlet | Found a transporter.
 17188 | Gauntlet | Found a transporter.
 17195 | Gauntlet | Found a transporter.
 17213 | Gauntlet | Found a transporter.
 17259 | Gauntlet | Found a transporter.
 17285 | Gauntlet | Found a transporter.
 17375 | Gauntlet | Found a transporter.
 17377 | Gauntlet | Noticed a wretched star
 17396 | Gauntlet | Found a transporter.
 17517 | Gauntlet | Identified the +8 whip of Wuzoufu {protect, rF+}
 17564 | Gauntlet | Reached skill level 15 in Spellcasting
 17786 | Gauntlet | Reached XP level 12. HP: 18/69 MP: 28/33
 17813 | Gauntlet | Identified the +0 pair of gloves of Anarchy {Dex+3}
 17816 | Gauntlet | Got Kugat's Catalogue of Creative Transmigration
 17832 | Gauntlet | Reached XP level 13. HP: 27/75 MP: 34/34
 17833 | Gauntlet | Reached skill level 16 in Spellcasting
 17833 | Gauntlet | Reached XP level 14. HP: 30/82 MP: 34/36
 17834 | Gauntlet | Reached XP level 15. HP: 33/88 MP: 34/37
 18094 | Gauntlet | Identified the +0 pair of boots of the Elephant {Int+4}
 18176 | Gauntlet | Learned a level 9 spell: Chain Lightning
 18201 | Gauntlet | Identified the +0 plate armour "Earthly Heaven" {Dex+8}
 18204 | Gauntlet | Identified the +4 steam dragon scales of Shadows and Fog
                  | {rPois}
 18205 | Gauntlet | Got the Papyrus of the Supportive Birds
 18218 | Gauntlet | Identified the +2 acid dragon scales "Umpoelum" {-Tele rF+
                  | Will- rCorr Int+4 SInv}
 19832 | D:12     | Found Ithriuhed's Distillery.
 19841 | D:12     | Bought a potion of resistance for 100 gold pieces
 19841 | D:12     | Bought 2 potions of heal wounds for 100 gold pieces
 19841 | D:12     | Bought a potion of curing for 30 gold pieces
 19841 | D:12     | Bought a potion of curing for 30 gold pieces
 19841 | D:12     | Bought a potion of curing for 30 gold pieces
 19841 | D:12     | Bought a potion of curing for 30 gold pieces
 19875 | D:12     | Found a runed translucent door.
 20143 | D:12     | Reached skill level 10 in Conjurations
 20405 | D:12     | Noticed a frost giant
 20469 | D:12     | Reached skill level 17 in Spellcasting
 20608 | Lair:1   | Entered Level 1 of the Lair of Beasts
 20661 | Lair:1   | Learned a level 5 spell: Freezing Cloud
 20969 | Lair:1   | Reached **** piety under Sif Muna
 20972 | Lair:1   | Reached skill level 1 in Ice Magic
 22211 | Lair:2   | Learned a level 5 spell: Lightning Bolt
 22218 | Lair:2   | Learned a level 6 spell: Iron Shot
 23263 | Lair:2   | Reached ***** piety under Sif Muna
 23264 | Lair:2   | Reached skill level 10 in Invocations
 23704 | Lair:3   | Identified the +9 great sword of Light {drain, rF- rC+
                  | Dex+4}
 24107 | Lair:3   | Received a gift from Sif Muna
 24144 | Lair:3   | Got Sif Muna's Compendium of the Arsonist and Lightness
                  | {god gift}
 24149 | Lair:3   | Learned a level 3 spell: Inner Flame
 25149 | Lair:4   | Noticed Nessos
 25156 | Lair:4   | Killed Nessos
 25278 | Lair:4   | Reached skill level 18 in Spellcasting
 25577 | Lair:4   | Found a staircase to the Shoals.
 25722 | Lair:4   | Found a hole to the Spider Nest.
 27037 | Lair:5   | Noticed Rwicked's ghost (journeyman MiBe)
 27206 | Lair:5   | Found a runed translucent gate.
 27207 | Lair:5   | Found a runed translucent gate.
 27210 | Lair:5   | Found a runed translucent gate.
 27903 | Lair:6   | Entered Level 6 of the Lair of Beasts
 28194 | Lair:6   | Reached XP level 16. HP: 90/96 MP: 16/40
 28198 | Lair:6   | Received a gift from Sif Muna
 28210 | Lair:6   | Learned a level 7 spell: Orb of Destruction
 28639 | Lair:6   | Reached skill level 15 in Air Magic
 28898 | Lair:6   | Found a staircase to the Slime Pits.
 31079 | Lair:6   | Received a gift from Sif Muna
 31889 | D:12     | Bought a potion of degeneration for 10 gold pieces
 31889 | D:12     | Bought a potion of brilliance for 40 gold pieces
 31889 | D:12     | Bought 2 potions of mutation for 160 gold pieces
 31889 | D:12     | Bought a potion of might for 40 gold pieces
 31897 | D:12     | Identified the +12 war axe "Taziuxeo" {speed, rCorr}
 32632 | D:13     | Noticed Sonja
 32634 | D:13     | Killed Sonja
 32772 | D:13     | Noticed Snorg
 32778 | D:13     | Killed Snorg
 32993 | D:13     | Found Cainuh's Magic Scroll Emporium.
 33803 | D:13     | Found a gate to the Vaults.
 33928 | D:13     | Bought a scroll of identify for 28 gold pieces
 33928 | D:13     | Bought a scroll of fog for 28 gold pieces
 33928 | D:13     | Bought a scroll of identify for 28 gold pieces
 33928 | D:13     | Bought a scroll of amnesia for 49 gold pieces
 33928 | D:13     | Bought a scroll of enchant armour for 105 gold pieces
 33928 | D:13     | Bought a scroll of identify for 28 gold pieces
 34561 | D:13     | Cast into level 3 of the Abyss (a wizard)
 34636 | Abyss:3  | Noticed an Executioner
 34789 | Abyss:3  | Noticed a bone dragon
 34890 | Abyss:3  | Paralysed by accursed screaming for 1 turns
 34971 | Abyss:3  | Noticed a hellephant
 34982 | Abyss:3  | Found a corrupted altar of Lugonu.
 34982 | Abyss:3  | Noticed a hellephant
 34982 | Abyss:3  | HP: 3/76 [dire elephant (13)]
 34985 | Abyss:3  | Slain by a thrashing horror

Illustrated notes

Levels and vault maps discovered:
D:1:      lemuel_arrival_behind_the_door_large, layout_basic
D:2:      layout_loops_ring, ebering_ecumenical_altar_hall,
          columned_hall_lemuel, kennysheep_donut
D:3:      layout_loops_ring, serial_shops, shop, uniq_jessica, uniq_robin
D:4:      layout_loops_corners, eino_small_chamber_without_monster
D:5:      layout_gridville, minivault_1, uniq_grinder, uniq_sigmund, uniq_edmund
D:6:      layout_loops_ring, slow_altar_2, minmay_temple_entry_glassed_door
D:7:      layout_basic, uniq_pikel, uniq_menkaure
D:8:      layout_gridville, serial_shops, nicolae_shop_window_shopping,
          kennysheep_generic_room_10
D:9:      layout_grid_maze, enter_bailey_8, kennysheep_island_fort
D:10:     layout_stronghold, serial_glass, glass_columns_a, glass_columns_c,
          glass_columns_a, glass_columns_a
D:11:     layout_rooms, erik_lair_island, zombieorc2_lemuel, serial_curves,
          eino_curves_01, eino_curves_03, minivault_23, uniq_fannar
D:12:     layout_roguey, serial_shops, shop, gauntlet_entry_generic,
          corexii_corridor_pit, minivault_13, uniq_urug
D:13:     minmay_wizard_corner, layout_basic, david_vaults_2, serial_shops,
          nicolae_stop_n_shop_2, uniq_sonja, uniq_snorg
Temple:   nicolae_temple_the_god_donut
Lair:1:   layout_chaotic_city, serial_bayou_pond_c, infiniplex_staircase_pool
Lair:2:   layout_cave_pods, lemuel_fruit_fields
Lair:3:   layout_small_grid
Lair:4:   layout_cave_pods, elwin_shoals_entry_rocks,
          spider_nest_entry_web_field, eino_small_chamber_without_monster,
          grunt_megastairs_3, uniq_nessos
Lair:5:   layout_cave_pods, gammafunk_ghost_split
Lair:6:   hangedman_lair_in_review, layout_regular_city,
          guppyfry_lair_end_dragon, minmay_slime_entry_pillars
Abyss:3:  base: Lair:4, evilmike_abyss_rune_tso_outpost,
          evilmike_abyss_exit_mutagenic, evilmike_abyss_exit_16,
          nicolae_abyss_rune_star_stuff, evilmike_abyss_rune_ettins,
          due_exit_kobolds, hangedman_steaming_rock,
          hangedman_abyss_or_decor_passed, evilmike_abyss_rune_elephants_shrine

Skill      XL: |  1  2  3  4  5  6  7  8  9 10 11 12 13 14 15 16 |
---------------+-------------------------------------------------+-----
Stealth        | 3 |  3.0
Dodging        | 3 |  3.0
Air Magic      | 4 5 7 9 10 11 12 14 16 | 16.7
Spellcasting   | 4 5 6 7 9 11 13 15 16 18 | 18.0
Conjurations   | 2 3 4 5 6 7 8 9 11 13 | 13.1
Earth Magic    | 1 2 3 |  3.0
Fighting       | 1 2 3 4 5 6 7 8 9 |  9.0
Invocations    | 2 4 6 7 9 10 12 | 12.0
Ice Magic      | 3 |  3.0

Action                   |  1- 3 |  4- 6 |  7- 9 | 10-12 | 13-15 | 16-18 || total
-------------------------+-------+-------+-------+-------+-------+-------++-------
Melee: Whip              |     2 |       |       |    10 |       |       ||    12
       Dagger            |    52 |    29 |    15 |       |       |       ||    96
       Punch             |       |     1 |       |     1 |       |     1 ||     3
       Staff             |       |       |     1 |    10 |     2 |    26 ||    39
       War axe           |       |       |       |       |       |    14 ||    14
 Cast: Shock             |    38 |    44 |    62 |   128 |    36 |     8 ||   316
       Static Discharge  |     8 |    31 |    29 |    49 |    18 |    18 ||   153
       Airstrike         |       |     3 |    61 |   150 |   232 |   110 ||   556
       Swiftness         |       |     1 |     3 |     7 |    14 |    10 ||    35
       Stone Arrow       |       |       |     1 |       |       |       ||     1
       Freezing Cloud    |       |       |       |       |    78 |    74 ||   152
       Lightning Bolt    |       |       |       |       |     7 |    12 ||    19
       Inner Flame       |       |       |       |       |     2 |     6 ||     8
       Iron Shot         |       |       |       |       |     1 |    12 ||    13
       Orb of Destructio |       |       |       |       |       |    37 ||    37
Invok: Channel Magic     |       |       |       |       |       |     3 ||     3
  Use: Scroll            |       |     2 |     4 |     3 |     4 |    10 ||    23
       Potion            |       |       |       |     6 |     3 |     9 ||    18
 Stab: Sleeping          |     8 |     7 |       |       |       |     1 ||    16
Armor: Robe              |    11 |    12 |    12 |       |       |       ||    35
       Steam dragon scal |       |       |       |    32 |    30 |    51 ||   113
       Skin              |       |       |       |    16 |       |       ||    16
Dodge: Dodged            |    45 |    43 |    36 |    60 |    36 |    61 ||   281
